 Dungeon Crawl Stone Soup version 0.31.0-1-g2c135a008e (webtiles) character file.

Game seed: 4708748954237796854

254 qw the Shooter (level 6, -1/46 HPs)
             Began as a Djinni Hunter on Jan 23, 2024.
             Slain by a burial acolyte
             ... wielding a +0 dagger
              (3 damage)
             ... in an ossuary.
             The game lasted 00:00:09 (2349 turns).

qw the Shooter (Djinni Hunter)                      Turns: 2349, Time: 00:00:10

Health: -1/46      AC:  6    Str: 14    XL:     6   Next: 37%
Gold:   208        EV: 12    Int:  9    God:
                   SH:  0    Dex: 18

rFire   + + .        a - +0 shortbow (heavy)
rCold   x . .        (shield currently unavailable)
rNeg    . . .        e - +0 ring mail
rPois   inf          (no helmet)
rElec   .            (no cloak)
rCorr   .            g - +0 pair of gloves
SInv    .            (boots unavailable)
Will    .....        (no amulet)
Stlth   +            (no ring)
HPRegen 0.27/turn    (no ring)
MPRegen 0.00/turn

%: infuse magic (-2 HP)
@: flying
A: sickness immunity, fire resistance 2, cold vulnerability 1, float, innate
caster, HP casting, extra vitality 1, mutation resistance 1, strong 1
a: no special abilities


You were in an ossuary.
You visited 1 branch of the dungeon, and saw 4 of its levels.
You also visited: Ossuary.

You collected 208 gold pieces.


Innate Abilities, Weirdness & Mutations

You are immune to sickness and miasma.
You are immune to poison.
Your flesh is very heat resistant. (rF++)
You are vulnerable to cold. (rC-)
You float through the air rather than walking.
You learn spells naturally, not from books.
Your magical power is your life essence.
You have superior vitality. (+4 MHP)
You are somewhat resistant to further mutation.
Your muscles are strong. (Str +4, Int/Dex -1)


   Skills:
 + Level 3.5 Fighting
 - Level 5.0 Ranged Weapons
 - Level 1.0 Armour
 - Level 3.1 Dodging
 - Level 0.7 Stealth


You knew the following spells:

 Your Spells              Type           Power      Damage    Failure   Level
a - Foxfire               Conj/Fire      0%         2x1d4     63%         1
b - Ensorcelled Hibernat  Hex/Ice        0%         N/A       77%         2
Your spell library was empty.

Inventory:

Hand Weapons
 a - a +0 heavy shortbow (weapon)
Armour
 e - a +0 ring mail (worn)
 g - a +0 pair of gloves (worn)
Scrolls
 i - a scroll of enchant weapon {unknown}
Potions
 b - a potion of degeneration
 c - a potion of might
 d - a potion of enlightenment
 f - 2 potions of brilliance {unknown}
 h - a potion of haste {unknown}

Dungeon Overview and Level Annotations

Branches:
Dungeon (4/15)            Ossuary (1/1)
 Temple: D:4-7

Altars:
Makhleb
Wu Jian


Message History

You feel a little less mighty now.
There is a large open door here.
There is an open gate here.
You reach down and open the door.
A burial acolyte and 2 mummies come into view.
The mummy moves out of view.
You shoot an arrow. The arrow hits the mummy.
The mummy is lightly damaged.
The burial acolyte shouts!
You shoot an arrow. The arrow hits the mummy!
The mummy is heavily damaged.
You shoot an arrow.
The arrow hits the mummy but does no damage.
The mummy is heavily damaged.
The mummy closely misses you.
You shoot an arrow. The arrow barely misses the mummy.
The mummy closely misses you.
You shoot an arrow.
The arrow hits the mummy but does no damage.
The mummy is heavily damaged.
You shoot an arrow. The arrow barely misses the mummy.
The burial acolyte drones a funeral chant.
The mummy is empowered. x2; The mummy hits you!
The mummy hits you!!
You shoot an arrow. The arrow completely misses the mummy.
The mummy closely misses you. x2
You shoot an arrow. The arrow hits the mummy!
You destroy the mummy!
The mummy completely misses you.
You shoot an arrow. The arrow hits the mummy!
The mummy is severely damaged.
The mummy no longer looks unusually strong.
The mummy is no longer moving quickly.
The mummy hits you!
You shoot an arrow. The arrow hits the mummy!
You destroy the mummy!
The burial acolyte hits you with a +0 dagger.
You shoot an arrow.
The arrow closely misses the burial acolyte.
The burial acolyte hits you but does no damage.
The burial acolyte hits you with a +0 dagger.
You die...

## ##. .. #####
.. #??!# #. #.?.#
#. ##.## ###p###
#.### ##...@.##
##''.#
##.......###^.#.#
+.........'...#.#
+....}....'.#.###
+.........'...#.#
##.......###..#.#
##.....## ##''.#
##+#'## #.###
#...# ##.##


You could see a burial acolyte.

Vanquished Creatures
  A centaur zombie (Ossuary)
  2 hounds (D:4)
  An orc wizard (D:3)
  2 mummies (Ossuary)
  3 adders
  2 ribbon worms
  5 orcs (D:3)
  7 endoplasms
  5 giant cockroaches
  2 goblins
  4 hobgoblins
  3 jackals (D:4)
  5 quokkas
  3 ball pythons
  8 bats
  6 frilled lizards
  6 kobolds
  2 kobold zombies (Ossuary)
  An orc zombie (Ossuary)
  5 rats
73 creatures vanquished.

Notes
Turn   | Place    | Note
-------+----------+-------------------------------------------
     0 | D:1      | qw the Djinni Hunter began the quest for the Orb.
     0 | D:1      | Reached XP level 1. HP: 18/18 MP: 0/0
     0 | D:1      | 0 ||| qw: Version: 0.3-a-134-g2ba4250
     0 | D:1      | 0 ||| qw: Game counter: 759
     0 | D:1      | 0 ||| qw: Melee chars always use a shield: true
     0 | D:1      | 0 ||| qw: God list: Okawaru
     0 | D:1      | 0 ||| qw: Allow faded altars: false
     0 | D:1      | 0 ||| qw: Do Orc after clearing Dungeon:15 true
     0 | D:1      | 0 ||| qw: Do second Lair branch before Depths: true
     0 | D:1      | 0 ||| qw: Lair rune preference: random
     0 | D:1      | 0 ||| qw: Goals: Normal
     0 | D:1      | 0 ||| PLANNING D:1-11
    65 | D:1      | Reached XP level 2. HP: 23/23 MP: 0/0
   353 | D:1      | Reached XP level 3. HP: 28/28 MP: 0/0
   353 | D:1      | Learned a level 1 spell: Foxfire
   370 | D:1      | Reached skill level 4 in Ranged Weapons
   507 | D:1      | 507 ||| UPGRADING to +0 pair of gloves.
   512 | D:1      | 512 ||| READING scroll labelled APPEKI QOBA.
   512 | D:1      | 512 ||| IDENTIFYING bubbling clear potion
   513 | D:1      | 513 ||| READING scroll labelled FESHUC GUIRAMN.
   517 | D:1      | 517 ||| DROPPING scroll of butterflies.
   836 | D:2      | Reached XP level 4. HP: 34/34 MP: 0/0
   841 | D:2      | You are sucked into a shaft and drop 1 floor!
   842 | D:3      | 842 ||| READING scroll of identify.
   842 | D:3      | 842 ||| IDENTIFYING scroll labelled REKARE LOPLUUW
   843 | D:3      | 843 ||| READING scroll of brand weapon.
   843 | D:3      | 843 ||| BRANDING +0 shortbow.
   897 | D:2      | Found a faded altar of an unknown god.
   905 | D:2      | Reached skill level 3 in Fighting
  1324 | D:2      | 1324 ||| UPGRADING to +0 ring mail.
  1334 | D:2      | 1334 ||| DROPPING +0 leather armour.
  1335 | D:2      | 1335 ||| DRINKING 2 fizzy emerald potions.
  1446 | D:3      | Reached skill level 1 in Armour
  1595 | D:3      | Found an ornate altar of the Wu Jian Council.
  1654 | D:3      | Identified the +5 spear "Darghal" {flame, SInv}
  1692 | D:3      | HP: 7/35 [orc/+0 club (4)]
  1693 | D:3      | 1693 ||| DRINKING potion of curing.
  1693 | D:3      | 1693 ||| (to cure confusion)
  1695 | D:3      | 1695 ||| READING scroll of teleportation.
  1943 | D:3      | 1943 ||| DRINKING potion of curing.
  1943 | D:3      | 1943 ||| (to cure confusion)
  1947 | D:3      | Reached XP level 5. HP: 37/40 MP: 0/0
  1947 | D:3      | Learned a level 2 spell: Ensorcelled Hibernation
  1976 | D:3      | 1976 ||| READING scroll labelled JEWNAS GECEL.
  1977 | D:3      | 1977 ||| READING scroll labelled TOIRHO JURUQI.
  1993 | D:4      | 1993 ||| PLANNING OSSUARY
  2080 | D:4      | Found a burning altar of Makhleb.
  2094 | D:4      | Reached skill level 5 in Ranged Weapons
  2094 | D:4      | Reached XP level 6. HP: 46/46 MP: 0/0
  2164 | D:4      | Found a sand-covered staircase.
  2165 | D:4      | 2165 ||| READING scroll labelled KATYENT GOIREA.
  2166 | D:4      | 2166 ||| READING scroll labelled FAYFAR GIERYO.
  2267 | D:4      | 2267 ||| DRINKING 2 silvery potions.
  2273 | Ossuary  | Entered an ossuary
  2292 | Ossuary  | Reached skill level 3 in Dodging
  2292 | Ossuary  | 2292 ||| DRINKING potion of mutation.
  2292 | Ossuary  | Gained mutation: You sometimes lose your temper in combat.
                  | [potion of mutation]
  2292 | Ossuary  | Gained mutation: You are covered in fur. (AC +1) [potion of
                  | mutation]
  2298 | Ossuary  | 2298 ||| DRINKING potion of mutation.
  2298 | Ossuary  | Lost mutation: You are covered in fur. (AC +1) [potion of
                  | mutation]
  2298 | Ossuary  | Lost mutation: You sometimes lose your temper in combat.
                  | [potion of mutation]
  2298 | Ossuary  | Gained mutation: You passively dampen the noise of your
                  | surroundings. [potion of mutation]
  2298 | Ossuary  | Gained mutation: You are resistant to electric shocks.
                  | (rElec) [potion of mutation]
  2298 | Ossuary  | Gained mutation: Your movements are slightly less
                  | encumbered by armour. (ER -2) [potion of mutation]
  2326 | Ossuary  | 2326 ||| DRINKING potion of mutation.
  2326 | Ossuary  | Lost mutation: Your movements are slightly less encumbered
                  | by armour. (ER -2) [potion of mutation]
  2326 | Ossuary  | Lost mutation: You passively dampen the noise of your
                  | surroundings. [potion of mutation]
  2326 | Ossuary  | Lost mutation: You are resistant to electric shocks.
                  | (rElec) [potion of mutation]
  2326 | Ossuary  | Gained mutation: Your muscles are strong. (Str +4, Int/Dex
                  | -1) [potion of mutation]
  2326 | Ossuary  | Gained mutation: You are somewhat resistant to further
                  | mutation. [potion of mutation]
  2344 | Ossuary  | HP: 11/46 [mummy (19)]
  2347 | Ossuary  | HP: 5/46 [mummy (8)]
  2348 | Ossuary  | HP: 2/46 [burial acolyte/+0 dagger (3)]
  2349 | Ossuary  | Slain by a burial acolyte

Levels and vault maps discovered:
D:1:      psy_arrival_basics, layout_rooms, minmay_misc_feat_rugged
D:2:      layout_basic, chequers_ecumenical_altar_grove
D:3:      layout_basic, mainiacjoe_overflow_boulevard, nzn_wu_jian_contemplation
D:4:      layout_gridville, mainiacjoe_overflow_cross_hatched, enter_ossuary_2,
          uniq_duvessa
Ossuary:  ossuary_crypta

Skill      XL: |  1  2  3  4  5  6 |
---------------+-------------------+-----
Ranged Weapons | 4 5 |  5.0
Fighting       | 3 |  3.5
Armour         | 1 |  1.0
Dodging        | 3 |  3.1
Stealth        | |  0.7

Action                     |  1- 3 |  4- 6 || total
---------------------------+-------+-------++-------
   Fire: Shortbow          |   101 |    93 ||   194
    Use: Scroll            |     2 |     7 ||     9
         Potion            |       |     7 ||     7
 Armour: Leather armour    |    16 |     4 ||    20
         Ring mail         |       |    49 ||    49
  Dodge: Dodged            |    28 |    28 ||    56

Table legend:
 A = Non-vault XP
 B = Vault XP
 C = Vault XP percentage of total XP
 D = Non-vault monster count
 E = Vault monster count
 F = Vault count percentage of total count
                 A         B        C        D         E       F
            +---------+---------+-------+---------+---------+-------
      Total |     274 |      89 |  24.5 |      67 |       6 |   8.2
            +---------+---------+-------+---------+---------+-------
        D:1 |      37 |       0 |   0.0 |      25 |       0 |   0.0
        D:2 |      51 |       0 |   0.0 |      15 |       0 |   0.0
        D:3 |      77 |       0 |   0.0 |      14 |       0 |   0.0
        D:4 |     109 |       0 |   0.0 |      13 |       0 |   0.0
    Ossuary |       0 |      89 | 100.0 |       0 |       6 | 100.0
            +---------+---------+-------+---------+---------+-------
